 Dungeon Crawl Stone Soup version 0.22-a0-348-gd16d139 (webtiles) character file.

9831 VLARC the Grappler (level 11, -4/111 HPs)
             Began as a Troll Monk on Apr 8, 2018.
             Was a Priest of Fedhas.
             Slain by a centaur warrior (10 damage)
             ... on level 11 of the Dungeon.
             The game lasted 00:18:10 (8043 turns).

VLARC the Grappler (Troll Monk)                     Turns: 8043, Time: 00:18:11

Health: -4/111     AC: 12    Str: 22    XL:     11   Next: 28%
Magic:  15/15      EV: 10    Int:  6    God:    Fedhas [***...]
Gold:   562        SH:  0    Dex: 12    Spells: 10/10 levels left

rFire    + . .     SeeInvis .     - Unarmed
rCold    + + .     Gourm    +   (no shield)
rNeg     . . .     Faith    .   E - +1 robe {rC+}
rPois    .         Spirit   .   h - +2 hat
rElec    .         Reflect  .   f - +1 cloak
rCorr    .         Harm     .   (gloves unavailable)
MR       .....                  (boots unavailable)
Stlth    ++........             (no amulet)
HPRegen  0.68/turn              y - ring of protection from cold
MPRegen  0.14/turn              m - ring of protection from fire

@: no status effects
A: large, unfitting armour, claws 3, talons 1, yellow scales 1, fast metabolism
3, gourmand, regeneration 1, shaggy fur 1, tough skin 2, weak 1
a: Fungal Bloom, Evolution, Sunlight, Growth, Renounce Religion


You were on level 11 of the Dungeon.
You worshipped Fedhas.
Fedhas was most pleased with you.
You were not hungry.

You visited 1 branch of the dungeon, and saw 11 of its levels.

You collected 562 gold pieces.

Inventory:

Armour
 a - a +0 robe
 f - a +1 cloak (worn)
 h - a +2 hat (worn)
 E - a +1 robe of cold resistance (worn)
Jewellery
 l - an uncursed ring of wizardry {unknown}
 m - a ring of protection from fire (right claw)
 o - a cursed amulet of inaccuracy {unknown}
 t - an uncursed amulet of faith {unknown}
 y - a ring of protection from cold (left claw)
Wands
 i - a wand of digging (13)
 k - a wand of scattershot (6)
 u - a wand of paralysis (27)
Scrolls
 c - 4 scrolls of teleportation
 d - 7 scrolls of remove curse
 e - 5 scrolls of identify
 g - 3 scrolls of enchant weapon
 s - 3 scrolls of fear
 v - a scroll of enchant armour {unknown}
 w - 3 scrolls of blinking {unknown}
 A - a scroll of amnesia
 B - a scroll of magic mapping
 C - a scroll of fog
Potions
 j - 2 potions of haste
 n - 2 potions of agility
 p - a potion of berserk rage {unknown}
 q - 2 potions of mutation
 r - 3 potions of might
 x - 3 potions of degeneration {unknown}
 z - 3 potions of curing
 D - 2 potions of brilliance {unknown}
Comestibles
 b - 18 rations
 F - 2 chunks of flesh


   Skills:
 + Level 8.1 Fighting
 - Level 2.4 Dodging
 - Level 1.0 Stealth
 * Level 12.9 Unarmed Combat
 + Level 7.5 Invocations


You had 10 spell levels left.
You didn't know any spells.

Dungeon Overview and Level Annotations

Branches:
Dungeon (11/15)            Temple (0/1) D:6
   Lair: D:8-11         Orc: D:9-12

Altars:
Fedhas
Kikubaaqudgha
Makhleb
The Shining One


Innate Abilities, Weirdness & Mutations

You are too large for most types of armour.
You have claws for hands.
Your metabolism is lightning-fast.
You like to eat raw meat.
Your natural rate of healing is unusually fast.
You are covered in fur. (AC +1)
You have very tough skin. (AC +2)
You have sharp toenails.
You are partially covered in yellow scales. (AC +2)
You are weak. (Str -2)


Message History

* * * LOW HITPOINT WARNING * * *
The centaur closely misses you.
The centaur shoots an arrow.
The arrow barely misses you.
The centaur hits you but does no damage.
The centaur warrior hits you but does no damage.
A worker ant comes into view.
The centaur unwields an uncursed shortbow.
The centaur hits you.
* * * LOW HITPOINT WARNING * * *
The centaur wields a runed shortbow.
The centaur shoots an arrow.
The arrow hits you!
* * * LOW HITPOINT WARNING * * *
x2 The centaur hits you.
* * * LOW HITPOINT WARNING * * *
The centaur unwields an uncursed shortbow.
The centaur hits you.
* * * LOW HITPOINT WARNING * * *
The centaur warrior hits you!
You die...
Fedhas appreciates your contribution to the ecosystem.

...# ##..#
.....##..# #.....#
..######f.#######
#......)f........
#######f(........
##(()(####[....
###c((#####.%....
#
#c@(รท!......#####
o..5..c#cc......##
###.a............#
...}##.#.).......#
### #.#.........#
#.#.........#
#...........#
##..........#
##.........#


You could see a centaur warrior, 4 centaurs, a worker ant, an orc wizard
(wandering), a crimson imp and 2 friendly wandering mushrooms.

Vanquished Creatures
  Gastronok (D:9)
  2 two-headed ogres
  Urug (D:10)
  An ugly thing (D:11)
  Psyche (D:9)
  A troll (D:10)
  A hornet (D:7)
  2 hippogriffs
  2 yaks (D:11)
  A hungry ghost (D:10)
  A water moccasin (D:9)
  2 orc warriors
  2 sky beasts
  6 phantoms
  2 necrophages
  2 centaurs
  2 ogres
  A big kobold (D:9)
  4 bullfrogs
  A wyvern skeleton (D:9)
  3 scorpions
  8 killer bees
  2 howler monkeys
  An electric eel (D:10)
  7 crimson imps
  7 jellies
  4 hounds
  A centaur skeleton (D:4)
  Crazy Yiuf (D:3)
  2 bullfrog skeletons
  6 orc priests
  Ijyb (D:4)
  4 iguanas
  8 orc wizards
  5 worker ants
  A hound skeleton (D:8)
  4 gnolls (D:2)
  8 adders
  A shadow imp (D:8)
  7 oozes
  2 adder skeletons
  An adder zombie (D:6)
  5 worms
  2 dart slugs
  7 leopard geckos
  24 orcs
  5 bats
  7 giant cockroaches
  10 goblins
  8 hobgoblins
  13 jackals
  4 quokkas
  2 ball pythons
  7 frilled lizards
  14 kobolds
  7 rats
235 creatures vanquished.

Vanquished Creatures (collateral kills)
  The ghost of Qupu the Ruffian, an amateur TrMo (D:4)
  Grinder (D:4)
  2 yaks
  A phantom (D:10)
  A wyvern skeleton (D:11)
  A killer bee (D:9)
  An electric eel (D:10)
  An orc priest (D:11)
  2 orcs (D:7)
  2 jackals
13 creatures vanquished.

Vanquished Creatures (others)
  An oklob plant (D:10)
  7 wandering mushrooms
  A plant (D:10)
  84 toadstools
93 creatures vanquished.

Grand Total: 341 creatures vanquished

Notes
Turn   | Place    | Note
-------+----------+-------------------------------------------
     0 | D:1      | VLARC the Troll Monk began the quest for the Orb.
     0 | D:1      | Reached XP level 1. HP: 22/22 MP: 0/0
    59 | D:1      | Reached XP level 2. HP: 29/29 MP: 1/1
   335 | D:1      | Reached XP level 3. HP: 34/36 MP: 2/2
   645 | D:1      | Reached skill level 4 in Unarmed Combat
  1072 | D:2      | Reached XP level 4. HP: 45/45 MP: 3/3
  1083 | D:2      | Reached skill level 5 in Unarmed Combat
  1083 | D:2      | Reached XP level 5. HP: 53/53 MP: 4/4
  1301 | D:2      | Noticed a phantom
  1317 | D:2      | Killed a phantom
  1317 | D:2      | Reached skill level 6 in Unarmed Combat
  1317 | D:2      | Reached XP level 6. HP: 56/62 MP: 5/5
  1797 | D:3      | Found a blossoming altar of Fedhas.
  1816 | D:3      | Noticed an oklob plant
  1879 | D:3      | Became a worshipper of Fedhas Madash
  1879 | D:3      | Reached * piety under Fedhas
  1879 | D:3      | Reached ** piety under Fedhas
  2313 | D:3      | Found a runed door.
  2322 | D:3      | Noticed Crazy Yiuf
  2327 | D:3      | Killed Crazy Yiuf
  2487 | D:4      | Reached skill level 1 in Invocations
  2597 | D:4      | Noticed Ijyb
  2606 | D:4      | Killed Ijyb
  2606 | D:4      | Reached XP level 7. HP: 70/70 MP: 6/6
  2654 | D:4      | Found an ancient bone altar of Kikubaaqudgha.
  2797 | D:4      | Noticed Grinder
  2799 | D:4      | Paralysed by Grinder for 7 turns
  2816 | D:4      | HP: 2/70 [Grinder/nerve-wracking pain (14)]
  2840 | D:4      | Killed Grinder
  2840 | D:4      | Reached skill level 7 in Unarmed Combat
  2945 | D:4      | Noticed Qupu's ghost (amateur TrMo)
  2958 | D:4      | Killed Qupu's ghost
  3113 | D:5      | Entered Level 5 of the Dungeon
  3121 | D:5      | Reached XP level 8. HP: 79/79 MP: 7/9
  3141 | D:5      | You fall through a shaft for 3 floors!
  3208 | D:8      | Reached skill level 8 in Unarmed Combat
  3231 | D:8      | Reached skill level 5 in Fighting
  3627 | D:8      | Noticed a two-headed ogre
  3654 | D:8      | Killed a two-headed ogre
  3654 | D:8      | Reached skill level 9 in Unarmed Combat
  3815 | D:8      | Found a burning altar of Makhleb.
  3885 | D:7      | Reached XP level 9. HP: 82/89 MP: 11/11
  4725 | D:7      | Reached skill level 10 in Unarmed Combat
  4896 | D:6      | Found a glowing golden altar of the Shining One.
  4923 | D:6      | Reached skill level 5 in Invocations
  4969 | D:6      | Found a staircase to the Ecumenical Temple.
  6029 | D:9      | Reached *** piety under Fedhas
  6044 | D:9      | Noticed Psyche
  6054 | D:9      | Killed Psyche
  6054 | D:9      | Reached skill level 11 in Unarmed Combat
  6054 | D:9      | Reached XP level 10. HP: 93/100 MP: 13/13
  6197 | D:9      | Noticed a two-headed ogre
  6221 | D:9      | HP: 5/100 [poisoned by a killer bee]
  6222 | D:9      | HP: 1/100 [killer bee (4)]
  6224 | D:9      | Gained mutation: You have sharp toenails. [potion of mutation]
  6224 | D:9      | Gained mutation: You are weak. (Str -2) [potion of mutation]
  6224 | D:9      | Gained mutation: You are partially covered in yellow scales. (AC +2) [potion of mutation]
  6258 | D:9      | Killed a two-headed ogre
  6630 | D:9      | Noticed Gastronok
  6645 | D:9      | Killed Gastronok
  6645 | D:9      | Reached skill level 12 in Unarmed Combat
  6874 | D:10     | Entered Level 10 of the Dungeon
  6994 | D:10     | Noticed Urug
  7004 | D:10     | Killed Urug
  7004 | D:10     | Reached XP level 11. HP: 25/110 MP: 15/15
  7930 | D:11     | Noticed a red ugly thing
  7941 | D:11     | Killed a red ugly thing
  8033 | D:11     | Noticed a centaur warrior
  8043 | D:11     | Slain by a centaur warrior

Vault maps used:
D:1:      erik_arrival_blinker_ship, minmay_bisected
D:2:      cheibrodos_pilgrimage, first_ration, kennysheep_generic_room_8
D:3:      tgw_fedhas, minmay_misc_feat_square, minmay_hedge_maze,
          feat_on_display, uniq_crazy_yiuf_cottage
D:4:      overflow_temple_1_default, uniq_grinder, uniq_ijyb
D:6:      tso_oasis_becter, minmay_temple_entry_large_hall, minmay_misc_feat_x
D:8:      makhleb_blood_cavern_becter
D:9:      hangedman_little_slice_of_home, nicolae_two_hexagons, uniq_psyche,
          uniq_gastronok
D:10:     serial_bayou_lake_a, uniq_urug
D:11:     lair_entry_dummy, corner_web_ring

Skill      XL: |  1  2  3  4  5  6  7  8  9 10 11 |
---------------+----------------------------------+-----
Unarmed Combat | 4 5 6 7 9 11 12 | 12.9
Fighting       | 3 4 5 6 7 8 |  8.1
Invocations    | 1 2 4 5 7 |  7.5
Dodging        | |  2.4
Stealth        | |  1.0

Action                   |  1- 3 |  4- 6 |  7- 9 | 10-12 || total
-------------------------+-------+-------+-------+-------++-------
Melee: Unarmed           |    73 |   150 |   263 |   126 ||   612
       Punch             |       |     2 |    11 |     5 ||    18
       Kick              |       |       |       |    36 ||    36
Invok: Fungal Bloom      |       |     4 |    18 |     8 ||    30
       Evolution         |       |       |     6 |     5 ||    11
       Sunlight          |       |       |       |     1 ||     1
Evoke: Wand              |       |       |       |     2 ||     2
  Use: Scroll            |       |     9 |     1 |       ||    10
       Potion            |       |       |     1 |     7 ||     8
 Stab: Sleeping          |     1 |     6 |     3 |     1 ||    11
       Distracted        |       |       |     1 |       ||     1
       Paralysed         |       |       |       |     1 ||     1
  Eat: Chunk             |    15 |    13 |    22 |    15 ||    65
       Ration            |       |       |     1 |     2 ||     3
Armor: Robe              |    28 |    42 |    86 |    51 ||   207
Dodge: Dodged            |    27 |    56 |    94 |    82 ||   259

Table legend:
 A = Spawn XP
 B = Non-spawn XP
 C = Spawn XP percentage of total XP
 D = Spawn monster count
 E = Non-spawn monster count
 F = Spawn count percentage of total count
 G = Total turns spent on level
                    A         B        C        D         E        F      G
               +---------+---------+-------+---------+---------+-------+---------
         Total |       0 |   14045 |   0.0 |       0 |     248 |   0.0 |  8043
               +---------+---------+-------+---------+---------+-------+---------
           D:1 |       0 |      52 |   0.0 |       0 |      26 |   0.0 |   786
           D:2 |       0 |     390 |   0.0 |       0 |      32 |   0.0 |   768
           D:3 |       0 |      92 |   0.0 |       0 |      24 |   0.0 |   807
           D:4 |       0 |     877 |   0.0 |       0 |      23 |   0.0 |   752
           D:5 |       0 |     410 |   0.0 |       0 |      15 |   0.0 |   404
           D:6 |       0 |     551 |   0.0 |       0 |      12 |   0.0 |   566
           D:7 |       0 |    1225 |   0.0 |       0 |      26 |   0.0 |  1011
           D:8 |       0 |    1309 |   0.0 |       0 |      19 |   0.0 |   738
           D:9 |       0 |    4772 |   0.0 |       0 |      38 |   0.0 |  1042
          D:10 |       0 |    2680 |   0.0 |       0 |      21 |   0.0 |  1084
          D:11 |       0 |    1687 |   0.0 |       0 |      12 |   0.0 |    85
               +---------+---------+-------+---------+---------+-------+---------
